 Dungeon Crawl Stone Soup version 0.22-a0-567-gff9aefc (webtiles) character file.

4 inc the Vexing (level 1, -2/7 HPs)
             Began as a Felid Enchanter on June 29, 2018.
             Slain by a goblin (4 damage)
             ... on level 1 of the Dungeon.
             The game lasted 00:00:20 (270 turns).

inc the Vexing (Felid Enchanter)                     Turns: 270, Time: 00:00:21

Health: -2/7       AC:  1    Str:  4    XL:     1   Next: 58%
Magic:  4/4        EV: 18    Int: 16    God:
Gold:   0          SH:  0    Dex: 16    Spells: 3/4 levels left
                                        Lives:  0   Deaths: 0

rFire    . . .     SeeInvis +     - Unarmed
rCold    . . .     Gourm    .   (shield unavailable)
rNeg     . . .     Faith    .   (armour unavailable)
rPois    .         Spirit   .   (helmet unavailable)
rElec    .         Reflect  .   (cloak unavailable)
rCorr    .         Harm     .   (gloves unavailable)
MR       .....                  (boots unavailable)
Stlth    +++.......             (no amulet)
HPRegen  0.02/turn              (no ring)
MPRegen  0.09/turn              (no ring)

@: quick
A: very small, no armour, no weapons or thrown items, stealth, claws 1, fangs 3,
see invisible, carnivore, speed 1, shaggy fur 1, slow metabolism 1, sharp paws
a: no special abilities


You were on level 1 of the Dungeon.
You were not hungry.

You visited 1 branch of the dungeon, and saw 1 of its levels.

Inventory:

Scrolls
 a - a scroll of enchant armour {unknown}
Potions
 c - 2 potions of curing {unknown}
 d - a potion of heal wounds {unknown}
Comestibles
 b - a ration


   Skills:
 + Level 2.7 Dodging
 + Level 4.2 Stealth
 + Level 1.0 Unarmed Combat
 + Level 2.0 Spellcasting
 + Level 4.7 Hexes


You had 3 spell levels left.
You knew the following spells:

 Your Spells              Type           Power        Failure   Level  Hunger
a - Corona                Hex            ###....      3%          1    #......

Your spell library contained the following spells:

 Spells                   Type           Power        Failure   Level  Hunger
 Confuse                  Hex            ###.....     9%          3    ###....
 Tukima's Dance           Hex            ###.....     9%          3    ###....
 Ensorcelled Hibernation  Hex/Ice        #.....       12%         2    ###....
 Dazzling Spray           Conj/Hex       #.....       24%         3    ###....


Dungeon Overview and Level Annotations

Branches:
Dungeon (1/15)

Altars:


Innate Abilities, Weirdness & Mutations

You cannot wear armour.
You are incapable of wielding weapons or throwing items.
Your paws allow you to move quietly. (Stealth)
You have sharp claws.
You have razor-sharp teeth.
You have supernaturally acute eyesight. (SInv)
You are carnivorous and can eat meat at any time.
You cover ground quickly.
You are covered in fur. (AC +1)
You have a slow metabolism.
Your sharp claws are effective at attacking unaware monsters.


Message History

You hear a shout!
A goblin comes into view.
The goblin misses you.
You barely miss the goblin. The goblin closely misses you.
You barely miss the goblin. The goblin completely misses you.
You scratch the frilled lizard but do no damage.
The frilled lizard barely misses you. The goblin barely misses you.
You barely miss the frilled lizard.
The frilled lizard completely misses you.
You barely miss the goblin. The frilled lizard closely misses you.
The goblin barely misses you.
You barely miss the goblin. Your bite misses the goblin. The goblin misses you.
The frilled lizard bites you. The goblin closely misses you.
You barely miss the goblin. The goblin misses you.
The frilled lizard barely misses you. The goblin hits you but does no damage.
You barely miss the goblin. The goblin hits you.
* * * LOW HITPOINT WARNING * * *
The frilled lizard barely misses you. The goblin hits you.
Ouch! That really hurt!
You die...

###############
...........$..#####
...................
...........gl...... ..
...........@g......
#.########...####......
#>...........# .....
#....####....#### ....
#................ ...
...........###....
....## .#
###.....#........
.....( #..
#.....#.......#
#.....##.#
###+#.....##......#
#.....##.###.


You could see 2 goblins and a frilled lizard.

Vanquished Creatures
  A leopard gecko (D:1)
  A giant cockroach (D:1)
  A frilled lizard (D:1)
  A kobold (D:1)
4 creatures vanquished.

Notes
Turn   | Place    | Note
-------+----------+-------------------------------------------
     0 | D:1      | inc the Felid Enchanter began the quest for the Orb.
     0 | D:1      | Reached XP level 1. HP: 7/7 MP: 4/4
   270 | D:1      | Slain by a goblin

Vault maps used:
D:1:      nzn_arrival_water_spiral

Action                   || total
-------------------------++-------
Melee: Unarmed           ||    32
       Bite              ||     1
 Cast: Corona            ||     1
 Stab: Sleeping          ||     3
Armor: Skin              ||     2
Dodge: Dodged            ||    28

Table legend:
 A = Spawn XP
 B = Non-spawn XP
 C = Spawn XP percentage of total XP
 D = Spawn monster count
 E = Non-spawn monster count
 F = Spawn count percentage of total count
 G = Total turns spent on level
                    A         B        C        D         E        F      G
               +---------+---------+-------+---------+---------+-------+---------
         Total |       0 |       7 |   0.0 |       0 |       4 |   0.0 |   270
               +---------+---------+-------+---------+---------+-------+---------
           D:1 |       0 |       7 |   0.0 |       0 |       4 |   0.0 |   270
               +---------+---------+-------+---------+---------+-------+---------
